Map: Néo-Gettysburg EC

Players

Worming - Winner!

  • Race: Zerg Zerg
  • League: Diamond

Arbaal

  • Race: Zerg Zerg
  • League: Diamond

VOD

Have the link to the VOD?

Description

Time

  • Played on: Sept. 24, 2016, 11:58 a.m.
  • Length: 13:52
Show
View Real Time Build Order
Export as new Build Order

Worming Zerg - Winner!

Build Orders: Hatch First 

Get SALT Encoding   

  12  0:01  Drone  
  13  0:13  Overlord  
  13  0:19  Drone  
  14  0:32  Drone x2  
  16  0:38  Drone  
  17  0:54  Hatchery  
  16  0:57  Drone  
  16  1:01  Drone  
  18  1:04  Extractor  
  17  1:17  Spawning Pool  
  16  1:20  Drone  
  16  1:24  Drone  
  18  1:29  Drone  
  19  1:41  Drone  
  20  1:54  Overlord  
  20  2:03  Queen  
  20  2:06  Queen  
  20  2:07  Zergling x2  
  25  2:09  Zergling x2  
  25  2:15  Metabolic Boost  
  26  2:29  Drone x4  
  30  2:39  Drone x2  
  34  3:05  Drone x4  
  34  3:12  Hatchery  
  35  3:18  Evolution Chamber  
  35  3:19  Extractor  
  33  3:20  Drone x3  
  33  3:21  Overlord  
  33  3:22  Overlord  
  35  3:33  Overlord  
  35  3:47  Lair  
  34  3:56  Zerg Missile Weapons Level 1  
  34  4:00  Roach Warren  
  34  4:01  Extractor  
  34  4:02  Drone x6  
  38  4:03  Drone, Extractor  
  38  4:04  Drone x3  
  38  4:09  Queen  
  41  4:16  Overlord  
  44  4:27  Overlord x3  
  44  4:36  Drone  
  45  4:40  Roach x4  
  45  4:44  Glial Reconstitution  
  53  4:51  Drone  
  53  4:52  Roach x2  
  58  4:53  Roach  
  58  4:55  Roach  
  62  5:01  Drone  
  62  5:02  Drone x2  
  65  5:07  Roach  
  65  5:08  Roach x2  
  71  5:22  Drone x2  
  73  5:32  Evolution Chamber  
  73  5:33  Drone x2  
  73  5:34  Drone  
  75  5:36  Drone x7  
  75  5:41  Overseer  
  82  5:45  Overlord x3  
  82  5:48  Ravager x4  
  86  5:54  Roach  
  86  5:55  Roach  
  90  5:59  Zerg Missile Weapons Level 2  
  90  6:01  Overlord x2  
  90  6:02  Overlord  
  90  6:11  Pneumatized Carapace  
  90  6:12  Zergling x2  
  90  6:13  Zergling x12  
  97  6:18  Drone x2  
  97  6:19  Drone x3, Extractor  
  101  6:29  Zerg Ground Armor Level 1  
  101  6:31  Zergling x4  
  103  6:38  Drone x3, Extractor  
  103  6:39  Drone x3  
  106  7:05  Drone  
  106  7:06  Drone x2  
  106  7:07  Drone, Extractor  
  106  7:08  Overlord x3  
  103  7:09  Roach x4  
  96  7:16  Roach x8  
  112  7:27  Queen  
  114  7:32  Infestation Pit  
  113  7:43  Zergling x12  
  119  7:45  Zergling x8  
  119  7:46  Hatchery  
  122  8:01  Roach x8  
  122  8:03  Overlord  
  137  8:12  Overseer  
  134  8:33  Hive  
  125  8:44  Roach  
  125  8:45  Roach x10  
  145  8:54  Overlord  
  145  8:55  Overlord x6  
  145  9:03  Roach  
  145  9:04  Roach x2  
  145  9:08  Overlord x2  
  151  9:14  Ravager x3  
  151  9:15  Ravager x2  
  156  9:17  Roach x7  
  170  9:29  Roach x4  
  178  9:42  Zerg Ground Armor Level 2  
  178  9:44  Roach x7  
  178  9:45  Roach x3  
  198  9:50  Hydralisk Den  
  198  9:51  Zergling x4  
  199  9:59  Spore Crawler  
  198  10:01  Spine Crawler  
  185  10:29  Zerg Missile Weapons Level 3  
  185  10:33  Muscular Augments, Hydralisk x7  
  198  10:53  Hydralisk, Spire  
  198  10:54  Zergling x2  
  198  11:07  Overseer  
  198  11:15  Roach  
  192  11:31  Roach x11  
  192  11:32  Roach x4  
  200  11:39  Hydralisk x3  
  174  11:49  Hydralisk  
  174  11:50  Hydralisk x3  
  150  12:03  Hydralisk x3  
  150  12:05  Roach x3  
  162  12:09  Corruptor x2  
  162  12:21  Spore Crawler x2  
  158  12:23  Spine Crawler  
  158  12:24  Spore Crawler  
  158  12:26  Spore Crawler  
  158  12:27  Hydralisk x8  
  158  12:28  Roach  
  158  12:29  Roach x5  
  154  12:47  Corruptor  
  154  12:48  Hydralisk x9  
  172  12:58  Spore Crawler  
  171  13:00  Spore Crawler  
  171  13:01  Drone x8  
  171  13:04  Zergling x2, Extractor  
  171  13:05  Extractor  
  177  13:07  Queen x2  
Show
View Real Time Build Order
Export as new Build Order

Arbaal Zerg 

Build Orders: Pool First 

Get SALT Encoding   

  12  0:00  Drone  
  13  0:08  Drone  
  14  0:15  Extractor  
  14  0:16  Drone  
  15  0:23  Overlord  
  15  0:41  Drone  
  15  0:42  Drone  
  17  0:44  Drone  
  17  0:49  Spawning Pool  
  17  0:55  Drone  
  18  1:14  Hatchery  
  17  1:21  Drone  
  17  1:22  Drone, Extractor  
  18  1:30  Overlord  
  18  1:39  Queen  
  20  1:42  Zergling x2  
  21  1:51  Drone  
  22  2:02  Drone  
  23  2:14  Queen, Drone  
  26  2:22  Drone  
  27  2:25  Metabolic Boost  
  27  2:29  Queen, Drone  
  30  2:47  Drone x3  
  30  2:48  Drone x3  
  35  3:00  Drone, Roach Warren  
  35  3:04  Drone  
  35  3:05  Overlord  
  36  3:18  Overlord  
  36  3:20  Lair  
  36  3:28  Drone  
  36  3:29  Drone x3  
  40  3:54  Queen  
  42  3:59  Roach x4  
  50  4:06  Extractor  
  50  4:07  Hatchery  
  48  4:30  Queen  
  50  4:33  Glial Reconstitution  
  50  4:38  Overlord  
  50  4:39  Overlord x3, Extractor  
  50  4:42  Drone x3  
  52  4:55  Pneumatized Carapace  
  52  5:06  Evolution Chamber x2  
  50  5:12  Roach x3  
  56  5:19  Drone x9  
  65  5:22  Drone  
  66  5:34  Roach x5  
  66  5:35  Drone x4  
  78  5:41  Zerg Missile Weapons Level 1  
  80  5:54  Extractor  
  79  6:02  Drone  
  79  6:03  Drone x9  
  89  6:07  Overlord x2  
  89  6:23  Overlord x2  
  89  6:24  Overlord x2  
  89  6:28  Roach x3  
  95  6:35  Spine Crawler  
  95  6:36  Spine Crawler  
  95  6:37  Overseer  
  95  6:39  Ravager x4  
  97  6:41  Zergling x12  
  89  7:37  Hatchery  
  88  7:49  Roach  
  88  7:50  Roach x8  
  106  8:02  Roach x5  
  116  8:06  Queen x3  
  116  8:10  Extractor  
  116  8:12  Extractor  
  120  8:36  Roach  
  120  8:37  Roach x8  
  138  8:45  Overlord x4  
  138  8:59  Zerg Missile Weapons Level 2, Zerg Ground Armor Level 1  
  138  9:08  Infestation Pit  
  137  9:10  Roach  
  137  9:11  Roach x9  
  157  9:19  Ravager x2  
  159  9:47  Spire  
  158  9:53  Overlord x7  
  158  9:57  Hive  
  151  10:43  Hatchery  
  150  11:03  Mutalisk x2  
  150  11:04  Mutalisk x10  
  172  11:11  Hatchery  
  172  11:17  Zergling x34  
  143  11:55  Zergling x24  
  155  12:06  Drone  
  155  12:07  Drone x2  
  158  12:11  Adrenal Glands  
  120  12:36  Roach  
  132  12:37  Roach x8  
  132  13:05  Ravager x7  
  139  13:06  Roach x5  
  139  13:07  Roach x8  
  165  13:17  Spine Crawler  
Tags
 
Add a new tag
Caveats
  • Supply blocks, unpowered buildings, or Contaminate may cause inaccurate times.
  • Supply counts are checked every 10 seconds.